 Dungeon Crawl Stone Soup version 0.30-a0-1008-g30c9307041 (webtiles) character file.

Game seed: 12555012521238420812

175 GigaChad the Shield-Bearer (level 5, -5/43 HPs)
             Began as a Formicid Fighter on Apr 5, 2023.
             Slain by a gnoll
             ... wielding a +0 vampiric halberd
              (7 damage)
             ... on level 3 of the Dungeon.
             The game lasted 00:03:35 (1690 turns).

GigaChad the Shield-Bearer (Formicid Fighter)       Turns: 1690, Time: 00:03:35

Health: -5/43      AC:  7    Str: 22    XL:     5   Next: 85%
Magic:  5/5        EV:  9    Int:  8    God:
Gold:   124        SH:  6    Dex: 13    Spells: 4/4 levels left

rFire   . . .      SeeInvis +    a - +0 war axe
rCold   . . .      Faith    .    c - +1 buckler
rNeg    . . .      Spirit   .    b - +0 scale mail
rPois   +          Reflect  .    (helmet unavailable)
rElec   .          Rampage  .    (no cloak)
rCorr   .                        (no gloves)
Will    .....                    (no boots) Stlth
                                 (no amulet)
HPRegen 0.27/turn                v - ring of poison resistance
MPRegen 0.09/turn                (no ring)

@: no status effects
A: permanent stasis, dig shafts and tunnels, antennae 3, four strong arms
a: Dig, Shaft Self


You were on level 3 of the Dungeon.
You visited 1 branch of the dungeon, and saw 3 of its levels.

You collected 124 gold pieces.

Inventory:

Hand Weapons
 a - a +0 war axe (weapon)
Armour
 b - a +0 scale mail (worn)
 c - a +1 buckler (worn)
Jewellery
 f - an amulet of reflection
 g - an amulet of guardian spirit
 v - a ring of poison resistance (left hand)
Scrolls
 e - 2 scrolls of identify
Potions
 d - 3 potions of might
 h - a potion of cancellation
 i - a potion of attraction {unknown}
 o - a potion of degeneration {unknown}
 p - a potion of ambrosia {unknown}
 r - a potion of brilliance {unknown}
 u - a potion of invisibility {unknown}


   Skills:
 + Level 4.4 Fighting
 + Level 4.1 Axes
 + Level 3.8 Armour
 + Level 0.3 Dodging
 + Level 4.6 Shields


You had 4 spell levels left.
You didn't know any spells.
Your spell library was empty.

Dungeon Overview and Level Annotations

Branches:
Dungeon (3/15)

Altars:

Shops:
D:3 =


Innate Abilities, Weirdness & Mutations

You cannot be hasted, slowed, berserked, paralysed or teleported.
You can dig through walls and to a lower floor.
You have a pair of large antennae on your head. (SInv)
Your four strong arms can wield two-handed weapons with a shield.


Message History

A gnoll comes into view. It is wielding a +0 flail.
A gnoll comes into view. It is wielding a +0 vampiric halberd.
There are monsters nearby!
There are monsters nearby!
The gnoll hits you with a +0 halberd! The gnoll hits you with a +0 club.
There are monsters nearby!
You slash the gnoll!
The gnoll is heavily wounded.
You hit the gnoll but do no damage. You block the gnoll's attack.
The gnoll hits you but does no damage. The gnoll closely misses you.
The gnoll hits you with a +0 flail. The gnoll hits you with a +0 club.
The gnoll hits you from afar with a +0 vampiric halberd!
The gnoll hits you with a +0 halberd. The endoplasm freezes you.
You are frozen.
* * * LOW HITPOINT WARNING * * *
You are too injured to fight recklessly!
Unknown command.
You are too injured to fight recklessly!
Unknown command.
You are too injured to fight recklessly!
Unknown command.
You slash the gnoll!
You kill the gnoll!
You closely miss the gnoll. You hit the endoplasm.
You kill the endoplasm!
You barely miss the gnoll. The gnoll hits you with a +0 flail!
* * * LOW HITPOINT WARNING * * *
The gnoll hits you but does no damage.
You barely miss the gnoll. You slash the gnoll! The gnoll closely misses you.
You block the gnoll's attack. The gnoll barely misses you.
You slash the gnoll!
The gnoll is severely wounded.
You barely miss the gnoll. You block the gnoll's attack.
The gnoll hits you but does no damage. You block the gnoll's attack.
The gnoll hits you with a +0 flail.
* * * LOW HITPOINT WARNING * * *
The gnoll closely misses you.
The gnoll hits you from afar with a +0 vampiric halberd!
You die...

########.###..# *,*
..........###.# *,*
......###.....# *,*
.#.....##.##### *,*
.##.#.....# *,#
###.#.###.### *.#
#....,#...######.####
###.#.#.............#
#.#.###>#...@.....#
#####..,.,#.#..gg.....#
.......,,........g....#
######**#...#.........#
#...#.........#
#...#...>.....#
##....!.......#
#*####.####### ***


You could see 3 gnolls.

Vanquished Creatures
  An orc priest (D:3)
  A gnoll (D:3)
  6 adders
  4 worms (D:2)
  A dart slug (D:3)
  6 orcs (D:3)
  8 ball pythons
  7 bats
  5 endoplasms
  2 giant cockroaches
  3 goblins
  6 hobgoblins
  2 quokkas (D:2)
  2 frilled lizards (D:1)
  3 kobolds
  7 rats
64 creatures vanquished.

Notes
Turn   | Place    | Note
-------+----------+-------------------------------------------
     0 | D:1      | GigaChad the Formicid Fighter began the quest for the Orb.
     0 | D:1      | Reached XP level 1. HP: 18/18 MP: 1/1
    70 | D:1      | Reached XP level 2. HP: 21/24 MP: 2/2
   515 | D:2      | Reached XP level 3. HP: 30/30 MP: 3/3
   721 | D:2      | Reached XP level 4. HP: 31/37 MP: 4/4
  1434 | D:3      | Found Difouwk's Jewellery Shoppe.
  1445 | D:3      | Reached XP level 5. HP: 41/42 MP: 5/5
  1690 | D:3      | HP: 2/43 [gnoll/+0 flail (2)]
  1690 | D:3      | Slain by a gnoll

Illustrated notes

Levels and vault maps discovered:
D:1:      lightli_arrival_noodles, layout_rooms
D:2:      layout_basic
D:3:      layout_rooms, serial_shops, nicolae_shop_waterfront

Skill      XL: |  1  2  3  4  5 |
---------------+----------------+-----
Fighting       | 4 |  4.4
Axes           | 3 4 |  4.1
Armour         | |  3.8
Dodging        | |  0.3
Shields        | |  4.6

Action                     |  1- 3 |  4- 6 || total
---------------------------+-------+-------++-------
  Melee: War axe           |    66 |    83 ||   149
    Use: Scroll            |       |     9 ||     9
 Armour: Scale mail        |    34 |    51 ||    85
  Dodge: Dodged            |    30 |    43 ||    73
  Block: Buckler           |    15 |    36 ||    51

Table legend: (Time is in decaauts)
 A = Elapsed time spent in this place.
 B = Non-inter-level travel time spent in this place.
 C = Inter-level travel time spent in this place.
 D = Time resting spent in this place.
 E = Time spent auto-exploring this place.
 F = Levels seen in this place.
 G = Mean time per level.
                   A        B        C        D        E       F      G
               +--------+--------+--------+--------+--------+-----+--------+
         Total |   1746 |   1696 |     50 |      0 |   1186 |   3 |  582.0 |
       Dungeon |   1746 |   1696 |     50 |      0 |   1186 |   3 |  582.0 |
               +--------+--------+--------+--------+--------+-----+--------+

Top non-repeatable levels by time:
     D:2: 952 daAuts
     D:1: 521 daAuts
     D:3: 272 daAuts
